 Dungeon Crawl Stone Soup version 0.26-a0-540-g8a0c9464d7 (webtiles) character file.

Game seed: 3542002320075383613

336 kae the Digger (level 6, -5/32 HPs)
             Began as a Gargoyle Earth Elementalist on Aug 20, 2020.
             Slain by an ogre
             ... wielding a +0 giant club
              (20 damage)
             ... on level 4 of the Dungeon.
             The game lasted 00:01:57 (3372 turns).

kae the Digger (Gargoyle Earth Elementalist)        Turns: 3372, Time: 00:01:57

Health: -5/32      AC:  6    Str: 11    XL:     6   Next: 54%
Magic:  8/11       EV: 11    Int: 18    God:
Gold:   167        SH:  3    Dex: 10    Spells: 1/12 levels left

rFire    . . .     SeeInvis .   o - +0 whip
rCold    . . .     Faith    .   v - +0 buckler
rNeg     + . .     Spirit   .   c - +0 robe
rPois    ∞         Reflect  .   (no helmet)
rElec    +         Harm     .   (no cloak)
rCorr    .                      (no gloves)
MR       .....                  (no boots)
Stlth    ++........             (no amulet)
HPRegen  0.10/turn              (no ring)
MPRegen  0.12/turn              (no ring)

@: no status effects
A: negative energy resistance 1, electricity resistance, unbreathing,
petrification resistance, rot immunity, AC +4
a: no special abilities


You were on level 4 of the Dungeon.
You visited 1 branch of the dungeon, and saw 4 of its levels.

You collected 167 gold pieces.

Inventory:

Hand Weapons
 o - a +0 whip (weapon)
Missiles
 b - 60 stones (quivered)
Armour
 c - a +0 robe (worn)
 k - a +2 leather armour of positive energy
 v - a +0 buckler (worn)
Jewellery
 m - an uncursed ring of see invisible {unknown}
 n - an uncursed ring of protection from fire {unknown}
Wands
 p - a wand of disintegration (11)
Scrolls
 a - a scroll of remove curse {unknown}
 e - 3 scrolls of teleportation {unknown}
 f - 9 scrolls of identify {unknown}
 g - 2 scrolls of magic mapping {unknown}
 j - 3 scrolls of amnesia {unknown}
 l - 2 scrolls of fear {unknown}
 s - a scroll of enchant weapon {unknown}
 u - a scroll of blinking {unknown}
Potions
 d - a potion of might
 h - 4 potions of curing {unknown}
 i - a potion of haste {unknown}
 q - a potion of resistance {unknown}
 r - a potion of lignification {unknown}
 t - a potion of brilliance {unknown}


   Skills:
 - Level 1.5 Dodging
 - Level 2.1 Stealth
 + Level 1.0 Shields
 + Level 3.7 Spellcasting
 - Level 0.7 Transmutations
 * Level 7.2 Earth Magic


You had one spell level left.
You knew the following spells:

 Your Spells              Type           Power        Failure   Level
a - Sandblast             Erth           ####..       1%          1
b - Stone Arrow           Conj/Erth      ###...       16%         3
c - Lee's Rapid Deconstr  Erth           ####......   30%         5
d - Passwall              Tmut/Erth      ###.....     6%          2

Your spell library contained the following spells:

 Spells                   Type           Power        Failure   Level
 Petrify                  Tmut/Erth      ###.....     38%         4


Dungeon Overview and Level Annotations

Branches:
Dungeon (4/15)
 Temple: D:4-7

Altars:
Xom

Annotations:
D:3 3 runed translucent doors, Sassenached's ghost, amateur DrWn


Innate Abilities, Weirdness & Mutations

You are resistant to torment.
Your stone body is resilient. (AC +4)
You are immune to poison.
You resist negative energy. (rN+)
You are resistant to electric shocks. (rElec)
You can survive without breathing.
You are immune to petrification.
You are immune to rotting.


Message History

Confirm with . or Enter, or press ? or * to list all spells.
Aiming: Sandblast (safe; 1% risk of failure)
Press: ? - help, Shift-Dir - straight line, f/p - ogre
Aim: an ogre, wielding a +0 giant club (moderately wounded)
The blast of sand hits the ogre.
The ogre is heavily wounded.
b - 61 stones The ogre hits you with a +0 giant club!
Ouch! That really hurt!
Casting: Sandblast (safe; 1% risk of failure)
Confirm with . or Enter, or press ? or * to list all spells.
Aiming: Sandblast (safe; 1% risk of failure)
Press: ? - help, Shift-Dir - straight line, f/p - ogre
Aim: an ogre, wielding a +0 giant club (moderately wounded)
The blast of sand hits the ogre!
The ogre is severely wounded.
b - 60 stones The ogre hits you with a +0 giant club!!
Ouch! That really hurt!
You die...

.. .. #.### #### #.#..
..#########
###.#.#####.#....#...
.........#.#.##.#.##
######.#.#.......##.#.##
......>@................
#....#O#.###.#......#.##
... #.#.# #.#######....
# #.#.# #.# ..## #.#..
..# #..## #.### ###
#..## #. #..## #. ..## #


You could see an ogre.

Vanquished Creatures
  A scorpion (D:4)
  An orc wizard (D:4)
  An orc priest (D:3)
  Jessica (D:3)
  A worker ant (D:2)
  Natasha (thrice) (D:3)
  3 adders
  An ooze (D:2)
  A worm (D:2)
  5 leopard geckos
  8 orcs
  A ball python (D:3)
  6 bats
  2 giant cockroaches (D:1)
  5 goblins
  3 hobgoblins
  6 jackals (D:3)
  4 frilled lizards
  A jackal skeleton (D:4)
  9 kobolds
  6 rats
69 creatures vanquished.

Notes
Turn   | Place    | Note
-------+----------+-------------------------------------------
     0 | D:1      | kae the Gargoyle Earth Elementalist began the quest for the
                  | Orb.
     0 | D:1      | Reached XP level 1. HP: 10/10 MP: 3/3
   322 | D:1      | Reached skill level 4 in Earth Magic
   630 | D:1      | Reached XP level 2. HP: 15/15 MP: 3/5
  1094 | D:2      | Reached XP level 3. HP: 18/19 MP: 1/6
  1418 | D:2      | Reached skill level 5 in Earth Magic
  1448 | D:2      | Reached XP level 4. HP: 14/24 MP: 0/8
  1939 | D:3      | Found a runed translucent gate.
  1941 | D:3      | Found a runed translucent gate.
  1941 | D:3      | Noticed Sassenached's ghost (amateur DrWn)
  1942 | D:3      | Identified the +3 dagger of Anguish {pain, Str+3}
  1942 | D:3      | Noticed a big kobold
  1943 | D:3      | Found a runed translucent gate.
  1944 | D:3      | Noticed a big kobold
  1944 | D:3      | Noticed a big kobold
  2018 | D:3      | Reached XP level 5. HP: 28/28 MP: 1/9
  2158 | D:3      | Found a faded altar of an unknown god.
  2163 | D:3      | Noticed Natasha
  2171 | D:3      | Killed Natasha
  2171 | D:3      | Reached skill level 6 in Earth Magic
  2426 | D:3      | Noticed Jessica
  2429 | D:3      | Killed Jessica
  2453 | D:3      | Found a shimmering altar of Xom.
  2627 | D:3      | Noticed Natasha
  2631 | D:3      | Killed Natasha
  2793 | D:3      | Noticed Natasha
  2799 | D:3      | Killed Natasha
  2799 | D:3      | Reached XP level 6. HP: 23/32 MP: 7/11
  3003 | D:3      | Learned a level 3 spell: Stone Arrow
  3009 | D:3      | Learned a level 5 spell: Lee's Rapid Deconstruction
  3012 | D:3      | Learned a level 2 spell: Passwall
  3237 | D:4      | Reached skill level 7 in Earth Magic
  3290 | D:4      | Reached skill level 1 in Shields
  3372 | D:4      | Slain by an ogre

Illustrated notes

Levels and vault maps discovered:
D:1:      dpeg_arrival_solitude, layout_basic
D:2:      layout_basic
D:3:      layout_loops_cross, chequers_ecumenical_altar_simple_redux,
          gammafunk_ghost_nasty_kobolds, brannock_xom_greatest_gift,
          uniq_jessica, uniq_natasha
D:4:      layout_basic, uniq_sigmund, uniq_blork_the_orc

Skill      XL: |  1  2  3  4  5  6 |
---------------+-------------------+-----
Earth Magic    | 4 5 6 7 |  7.2
Spellcasting   | 3 |  3.7
Shields        | 1 |  1.0
Dodging        | |  1.5
Stealth        | |  2.1
Transmutations | |  0.7

Action                   |  1- 3 |  4- 6 || total
-------------------------+-------+-------++-------
Melee: Unarmed           |    55 |       ||    55
       Whip              |       |    29 ||    29
 Cast: Sandblast         |    43 |    61 ||   104
Armor: Robe              |    30 |    14 ||    44
Dodge: Dodged            |    64 |    34 ||    98
Block: Buckler           |       |     1 ||     1

Table legend: (Time is in decaauts)
 A = Elapsed time spent in this place.
 B = Non-inter-level travel time spent in this place.
 C = Inter-level travel time spent in this place.
 D = Time resting spent in this place.
 E = Time spent auto-exploring this place.
 F = Levels seen in this place.
 G = Mean time per level.
                   A        B        C        D        E       F      G
               +--------+--------+--------+--------+--------+-----+--------+
         Total |   3373 |   3279 |     94 |    284 |   2578 |   4 |  843.2 |
       Dungeon |   3373 |   3279 |     94 |    284 |   2578 |   4 |  843.2 |
               +--------+--------+--------+--------+--------+-----+--------+

Top non-repeatable levels by time:
     D:3: 1210 daAuts
     D:1: 1073 daAuts
     D:2: 819 daAuts
     D:4: 271 daAuts
